 Dungeon Crawl Stone Soup version 0.25-a0-458-g6fc7858b95 (webtiles) character file.

Game seed: 15978608967271460071, levelgen mode: deterministic

568 Error4North the Chopper (level 7, -4/60 HPs)
             Began as a Hill Orc Fighter on Feb 2, 2020.
             Slain by a chaos spawn (6 damage)
             ... on level 1 of the Abyss.
             The game lasted 00:13:22 (3826 turns).

Error4North the Chopper (Hill Orc Fighter)          Turns: 3826, Time: 00:13:24

Health: -4/60      AC: 11    Str: 26    XL:     7   Next: 33%
Magic:  9/9        EV:  8    Int: 13    God:
Gold:   243        SH: 10    Dex: 10    Spells: 9/9 levels left

rFire    . . .     SeeInvis .   a - +0 war axe
rCold    . . .     Gourm    .   c - +0 shield
rNeg     . . .     Faith    .   b - +0 scale mail
rPois    .         Spirit   .   y - +0 helmet
rElec    .         Reflect  .   (no cloak)
rCorr    .         Harm     .   (no gloves)
MR       +....                  j - +2 pair of boots
Stlth    ..........             (no amulet)
HPRegen  0.20/turn              k - ring of protection from magic
MPRegen  0.11/turn              (no ring)

@: mighty, brilliant
A: no striking features
a: no special abilities


You were on level 1 of the Abyss.
You were not hungry.

You visited 1 branch of the dungeon, and saw 5 of its levels.
You visited the Abyss 1 time.

You collected 243 gold pieces.

Inventory:

Hand Weapons
 a - a +0 war axe (weapon)
 B - a +2 hand axe of flaming
Missiles
 d - 4 silver boomerangs (quivered)
 m - a boomerang
Armour
 b - a +0 scale mail (worn)
 c - a +0 shield (worn)
 j - a +2 pair of boots (worn)
 y - a +0 helmet (worn)
Jewellery
 k - a ring of protection from magic (left hand)
Wands
 s - a wand of iceblast (12)
 w - a wand of flame (13)
 D - a wand of random effects (12)
Scrolls
 g - a scroll of random uselessness {unknown}
 l - 8 scrolls of teleportation {unknown}
 n - 3 scrolls of enchant weapon {unknown}
 o - a scroll of blinking {unknown}
 p - 3 scrolls of amnesia {unknown}
 q - 6 scrolls of identify
 t - 3 scrolls of remove curse {unknown}
 u - a scroll of immolation {unknown}
 x - 2 scrolls of fear {unknown}
 z - 2 scrolls of enchant armour {unknown}
Potions
 h - a potion of degeneration {unknown}
 i - 3 potions of lignification {unknown}
 r - 4 potions of ambrosia {unknown}
 v - 4 potions of curing {unknown}
 A - 2 potions of haste {unknown}
 C - a potion of magic {unknown}
Comestibles
 f - 14 rations
 E - a chunk of flesh


   Skills:
 + Level 4.8 Fighting
 + Level 5.5 Axes
 + Level 0.8 Throwing
 * Level 4.8 Armour
 + Level 0.4 Dodging
 * Level 5.0 Shields
 * Level 1.6 Spellcasting
 * Level 1.7 Evocations


You had 9 spell levels left.
You didn't know any spells.
Your spell library contained the following spells:

 Spells                   Type           Power        Failure   Level  Hunger
 Corona                   Hex            #......      22%         1    ##.....
 Ensorcelled Hibernation  Hex/Ice        #.....       30%         2    ###....
 Confusing Touch          Hex            #.......     50%         3    ####...
 Dazzling Flash           Conj/Hex       #.....       50%         3    ####...
 Tukima's Dance           Hex            #.......     50%         3    ####...


Dungeon Overview and Level Annotations

Branches:
Dungeon (5/15)
 Temple: D:4-7

Altars:
Trog

Annotations:
D:5 Blork the orc


Message History

The chaos spawn closely misses you.
Throwing (i - inventory. (/) - cycle)
d - 4 silver boomerangs (quivered)
Press: ? - help, Shift-Dir - straight line, f/p - chaos spawn
Aim: a chaos spawn (moderately wounded, chaotic)
You throw a silver boomerang.
The silver boomerang barely misses the chaos spawn.
The chaos spawn hits you!
* * * LOW HITPOINT WARNING * * *
The chaos spawn shocks you!
* * * LOW HITPOINT WARNING * * *
Your shield and scale mail prevent you from hitting the chaos spawn.
The chaos spawn is moderately wounded.
You block the chaos spawn's attack. The chaos spawn barely misses you.
It was a potion of brilliance.
You feel clever all of a sudden.
A ynoxinul comes into view.
The chaos spawn gores you!
* * * LOW HITPOINT WARNING * * *
The chaos spawn shocks you.
You die...

. .............#
.............#.
..3...
..∩....#.. .
......... .. #
..............#
.. ........
...#.# .
..............##
. ......#+#....#
. ...#.#4@#... #
. ...# #..#... #
.. #...#.... .#
#.## #. .##. #.#
.# # ## #


You could see a ynoxinul (wandering) and a chaos spawn.

Vanquished Creatures
  A water moccasin (D:5)
  A phantom (D:4)
  A scorpion (D:4)
  5 orc wizards (D:4)
  An iguana (D:4)
  A howler monkey skeleton (D:3)
  4 adders
  An adder skeleton (D:4)
  A worm (D:2)
  2 dart slugs
  3 leopard geckos
  14 orcs
  10 goblins
  11 hobgoblins
  8 kobolds
  2 quokkas
  A ball python (D:2)
  11 bats
  2 frilled lizards
  10 rats
90 creatures vanquished.

Notes
Turn   | Place    | Note
-------+----------+-------------------------------------------
     0 | D:1      | Error4North the Hill Orc Fighter began the quest for the
                  | Orb.
     0 | D:1      | Reached XP level 1. HP: 19/19 MP: 1/1
    92 | D:1      | Reached XP level 2. HP: 25/27 MP: 2/2
   641 | D:1      | Reached XP level 3. HP: 33/33 MP: 3/3
  1486 | D:3      | Reached XP level 4. HP: 37/40 MP: 4/4
  1647 | D:3      | Found a bloodstained altar of Trog.
  2441 | D:4      | Reached XP level 5. HP: 41/46 MP: 4/6
  2487 | D:4      | Reached skill level 1 in Spellcasting
  2492 | D:4      | Reached XP level 6. HP: 43/53 MP: 7/7
  2570 | D:4      | Reached skill level 1 in Evocations
  2711 | D:4      | Noticed a phantom
  2755 | D:4      | Killed a phantom
  2755 | D:4      | Reached skill level 5 in Axes
  3218 | D:4      | Reached XP level 7. HP: 42/60 MP: 9/9
  3471 | D:5      | Entered Level 5 of the Dungeon
  3482 | D:5      | Reached skill level 5 in Shields
  3720 | D:5      | Noticed Blork the orc
  3729 | D:5      | Cast into level 1 of the Abyss (Blork the orc)
  3814 | Abyss:1  | Noticed a chaos spawn
  3826 | Abyss:1  | Noticed a ynoxinul
  3826 | Abyss:1  | HP: 2/60 [chaos spawn (8)]
  3826 | Abyss:1  | Slain by a chaos spawn

Levels and vault maps discovered:
D:1:      dpeg_arrival_connections, layout_rooms, serial_forest,
          infiniplex_forest_end_1, infiniplex_forest_end_2,
          infiniplex_forest_end_3, infiniplex_forest_straight_2,
          infiniplex_forest_lined_room_, infiniplex_forest_lined_2,
          infiniplex_forest_join, infiniplex_forest_end_1,
          hangedman_abyss_or_decor_stabs, bh_walls_and_bars
D:2:      layout_basic, serial_rivers, chequers_serial_rivers_small_b,
          chequers_serial_rivers_small_3, chequers_serial_rivers_room_a,
          chequers_serial_rivers_large_a, chequers_serial_rivers_room_a
D:3:      layout_basic, minmay_misc_feat_secret_circle,
          trog_three_pillars_becter
D:4:      layout_cave_pools, dk_vineyard_3
D:5:      layout_basic, minmay_temple_entry_antechambers, first_ration,
          uniq_blork_the_orc
Abyss:1:  base:
D:3

Skill      XL: |  1  2  3  4  5  6  7 |
---------------+----------------------+-----
Axes           | 3 4 5 |  5.5
Fighting       | 4 |  4.8
Shields        | 4 5 |  5.0
Armour         | 4 |  4.8
Spellcasting   | 1 |  1.6
Evocations     | 1 |  1.7
Throwing       | |  0.8
Dodging        | |  0.4

Action                   |  1- 3 |  4- 6 |  7- 9 || total
-------------------------+-------+-------+-------++-------
Melee: War axe           |   134 |   167 |    20 ||   321
Throw: Boomerang         |     5 |    19 |     9 ||    33
  Use: Potion            |       |     1 |     1 ||     2
       Scroll            |       |     1 |       ||     1
  Eat: Chunk             |     2 |     5 |       ||     7
       Ration            |       |       |     1 ||     1
Armor: Scale mail        |    66 |    97 |     5 ||   168
Dodge: Dodged            |    48 |    58 |     4 ||   110
Block: Shield            |    91 |   100 |    14 ||   205

Table legend:
 A = Non-vault XP
 B = Vault XP
 C = Vault XP percentage of total XP
 D = Non-vault monster count
 E = Vault monster count
 F = Vault count percentage of total count
                 A         B        C        D         E       F
            +---------+---------+-------+---------+---------+-------
      Total |     812 |       0 |   0.0 |      90 |       0 |   0.0
            +---------+---------+-------+---------+---------+-------
        D:1 |      36 |       0 |   0.0 |      19 |       0 |   0.0
        D:2 |      33 |       0 |   0.0 |      20 |       0 |   0.0
        D:3 |      65 |       0 |   0.0 |      22 |       0 |   0.0
        D:4 |     525 |       0 |   0.0 |      27 |       0 |   0.0
        D:5 |     153 |       0 |   0.0 |       2 |       0 |   0.0
            +---------+---------+-------+---------+---------+-------
